Unix NetHack Version 5.0.0-0 post-release - last build May 23 2026 06:08:33 (1c0ff79ee797540d5714e4e18072db0edd9e58ae,branch:main).

Game began 2026-05-24 06:18:56, ended 2026-05-24 20:05:01.

ArrBianca, lawful female human Knight

                       ---------------------------------
  ##*0*                |..........................@....|
  #####                |.{.....--------|------..@.----.|
  ......               |.......|. |...|..|)!@|....|..|.|
  |....@###            |.......+. |...|..|%?.-.---|..|.|
  |.....###############-.-----..--|.. |--|[!.|.|..|).|.|
  |.....#####          |.|.@.|....-|--|..|----.|..|-)-.|
  |.....               |.|.%.-.|).....|..|..|..-|--....|
  |....|               |.-----...----.--||..-.......@..|#         ------------
  -..---               |........|...|....|----.-|--..{.|##########...h.......|
   #                   -..--|--.....-....|...|.|..|....|#      #  |..........|
   #                   |.@|.@.|.-.------.|...|.|..|-|-)|#    #### |..........|
   ##         #        |..|(m(|..|..|/.+.-.@.|.|..|..|).##########-.....<....|
  --.----      ########.%.|(((|..|..|[.|.|.@.|.---|..|.|#         |..........|
  |.....|    ######### |..-----..-|-.---.-----....----.|##########...........|
  |.....|  ###         |.........[.....................|          ------------
  |...>..###           ---------------------------------
  -------

ArrBianca the Bachelor   St:16 Dx:12 Co:13 In:7 Wi:16 Ch:18  Lawful
Dlvl:5  $:0  HP:0(68) Pw:67(67) AC:-1 Xp:8 T:8130  Blind

Latest messages:
 You see here a gnome corpse.
 What do you want to use or apply? [fkuJT or ?*] f
 There is a gnome corpse here; tin it? [ynq] (n) y
 K - a tin of gnome meat (4 in total).
 The gray unicorn butts!  The gray unicorn kicks!  The gray unicorn misses!
 The gray unicorn just misses!  You hear the splashing of a naiad.
 You hit the gray unicorn!  The gray unicorn misses!  The gray unicorn kicks!
 The gray unicorn butts!  The gray unicorn misses!
 You miss the gray unicorn.  The gray unicorn butts!  The gray unicorn misses!
 You kill the gray unicorn!
 You have much trouble lifting a gray unicorn corpse.  Continue? [ynq] (q) y
 You have much trouble lifting M - a gray unicorn corpse.  N - a unicorn horn.
 O - a violet gem.  You stagger under your heavy load.  Movement is very hard.
 You have a forbidding feeling...
 The imp hits!
 You hit the imp!  The imp reads a scroll of teleportation!
 What do you want to drop? [ac-fktuxDGHJ-OTX or ?*] ?
 A gray unicorn corpse lands on the altar.  Your movements are now unencumbered.
 Really save? [yn] (n) y
 Saving...
 Restoring save file...
 Salutations ArrBianca, the human Knight, welcome back to NetHack!
 There is an uncursed gray unicorn corpse here; sacrifice it? [ynq] (n) y
 Your sacrifice is consumed in a flash of light!
 You sense a conflict between Lugh and Manannan Mac Lir.
 You feel the power of Lugh increase.
 The altar glows white.
 The priestess of Manannan Mac Lir gets angry!
 The priestess of Manannan Mac Lir swings her mace.
 The priestess of Manannan Mac Lir hits!
 The priestess of Manannan Mac Lir just misses!
 The priestess of Manannan Mac Lir casts a spell at you!
 A bolt of lightning strikes down at you from above!
 Your ring of gain constitution spins clockwise for a moment.
 Your wand of striking breaks apart and explodes!
 You are blinded by the flash!
 You die...
 Do you want your possessions identified? [ynq] (y) n
 Do you want to see your attributes? [ynq] (y) n
 Do you want an account of creatures vanquished? [ynaq] (y) n
 Do you want to see your conduct and achievements? [ynq] (y) y
 Do you want to see the dungeon overview? [ynq] (y) n

Inventory:
 Amulets  ('"')
  L - an uncursed amulet of life saving
  H - an uncursed amulet of reflection
 Weapons  (')')
  a - the blessed rustproof +2 Excalibur (weapon in right hand)
 Armor    ('[')
  x - an uncursed +0 pair of leather gloves (being worn)
  D - an uncursed +0 pair of elven boots (being worn)
  e - an uncursed +1 small shield (being worn)
  X - an uncursed +1 cloak of magic resistance (being worn)
  c - an uncursed +2 ring mail (being worn)
 Comestibles  ('%')
  d - an uncursed food ration
  K - 4 blessed homemade tins of gnome meat
 Rings    ('=')
  G - a blessed +2 ring of gain constitution
  t - a blessed +1 ring of increase damage (on left hand)
 Wands    ('/')
  u - a wand of sleep (0:4)
 Tools    ('(')
  T - an empty uncursed sack
  k - an uncursed skeleton key
  f - a blessed tinning kit (0:93)
  N - a +0 unicorn horn
 Gems/Stones  ('*')
  O - a cursed amethyst stone

ArrBianca the Knight's attributes:

Background:
 You were a Bachelor, a level 8 female human Knight.
 You were lawful, on a mission for Lugh
 who was opposed by Brigit (neutral) and Manannan Mac Lir (chaotic).
 You were right-handed.
 You were in the Gnomish Mines, on level 5.
 You entered the dungeon 8130 turns ago.
 You had 2419 experience points, 141 more were needed to attain level 9.

Basics:
 You had 0 out of 68 hit points.
 You had all 67 energy points (spell power).
 Your armor class was -1.
 Your wallet was empty.
 Autopickup was on for '$?!/="+%' plus thrown, with exceptions.

Final Characteristics:
 Your strength was 16 (limit:18/100).
 Your dexterity was 12 (limit:18).
 Your constitution was 13 (limit:18).
 Your intelligence was 7 (limit:18).
 Your wisdom was 16 (limit:18).
 Your charisma was 18 (limit:18).

Final Status:
 You were temporarily blind.
 You weren't hungry.
 You were unencumbered.
 You were wielding a long sword.
 You had expert skill with long sword.

Final Attributes:
 You were piously aligned.
 You were magic-protected.
 You were poison resistant.
 You were level-drain resistant.
 You were telepathic.
 You had automatic searching.
 You were stealthy.
 You could jump.
 You had a small damage bonus (+1).
 You were warded.
 You were fast.
 You were lucky.
 Lugh was angry with you.
 You are dead.

Miscellaneous:
 You encountered 3 bones levels.
 Total elapsed playing time was 1 hour, 26 minutes and 23 seconds.

Major events:
 Turn
    1: ArrBianca the lawful female human Knight entered the dungeon
  909: attained the rank of Esquire (level 3)
 3880: was given Excalibur by the Lady of the Lake
 3882: consulted the Oracle
 4391: attained the rank of Bachelor (level 6)
 5124: was bestowed with Trollsbane by Lugh
 5463: entered the Gnomish Mines
 6162: reached Mine Town
 8130: killed by a priestess of Manannan Mac Lir

You didn't know any spells.

Skills:
 Fighting Skills
   bare handed combat [Unskilled]
   two weapon combat  [Unskilled]
   riding             [Basic]
 Weapon Skills
   dagger             [Unskilled]
   knife              [Unskilled]
   axe                [Unskilled]
   pick-axe           [Unskilled]
   short sword        [Unskilled]
   broadsword         [Unskilled]
   long sword         [Expert]
   two-handed sword   [Unskilled]
   saber              [Unskilled]
   club               [Unskilled]
   mace               [Unskilled]
   morning star       [Unskilled]
   flail              [Unskilled]
   hammer             [Unskilled]
   polearms           [Unskilled]
   spear              [Unskilled]
   trident            [Unskilled]
   lance              [Basic]
   bow                [Unskilled]
   crossbow           [Unskilled]
 Spellcasting Skills
   attack spells      [Unskilled]
   healing spells     [Unskilled]
   clerical spells    [Unskilled]

Voluntary challenges:
 Character rerolling was not enabled.
 You never genocided any monsters.
 You never polymorphed an object.
 You never changed form.
 You used no wishes.
Achievements:
 You attained the rank of Esquire.
 You consulted the Oracle of Delphi.
 You attained the rank of Bachelor.
 You entered the Gnomish Mines.
 You entered Minetown.
 You entered a temple.
 You entered a shop.

 The Dungeons of Doom: levels 1 to 8
    Level 1:
       An altar.
    Level 2:
       A sink.
       Stairs down to The Gnomish Mines.
    Level 3:
       An altar.
    Level 4:
    Level 5:
    Level 6:
       A fountain.
       Oracle of Delphi.
    Level 7:
    Level 8:
       An altar to Lugh, a fountain, a grave.
 The Gnomish Mines: levels 3 to 8
    Level 3:
    Level 4:
       A grave.
       Final resting place for
          wenchcoat-Cav-Dwa-Fem-Law, killed by a hill orc.
    Level 5: <- You were here.
       Many shops, a temple and an altar to Lugh, some fountains, a grave.
       Final resting place for
          you, killed by a priestess of Manannan Mac Lir,
          wildkatz-Arc-Hum-Mal-Law, killed by a snake.
    Level 6:
    Level 7:
    Level 8:
       Final resting place for
          jspeed-Wiz-Hum-Mal-Neu, killed by an ettin mummy.


Vanquished creatures:
  2 ghosts
 an ettin mummy
  a tiger
  a human mummy
  a chameleon
  2 giant beetles
 10 leprechauns
  2 iron piercers
  2 horses
  2 gnome rulers
 an ogre
  a rust monster
  a lizard
  a jaguar
  a dwarf leader
  2 blue jellies
  a gray unicorn
  a plains centaur
  a snake
  3 human zombies
  a bugbear
  a rock piercer
  3 rock moles
  3 fog clouds
  2 yellow lights
  3 violet fungi
 12 gnome leaders
  2 gnomish wizards
  a kobold mummy
  2 paper golems
  2 little dogs
  a floating eye
  3 dwarves
  a kobold leader
  a kobold shaman
 11 hill orcs
  9 rothes
  2 rabid rats
  a centipede
  2 giant bats
  a monkey
  3 orc zombies
  a dwarf zombie
  3 werejackals
  7 iguanas
  a killer bee
 an acid blob
  a coyote
  a gas spore
  a hobbit
  2 manes
  a hobgoblin
  5 giant rats
  a cave spider
  3 brown molds
  a yellow mold
  a green mold
 36 gnomes
  a gnome zombie
  6 geckos
  3 jackals
  a fox
  a kobold
  2 goblins
  a sewer rat
  6 grid bugs
  3 bats
  4 lichens
  2 kobold zombies
  6 newts
206 creatures vanquished.

No species were genocided or became extinct.

Game over:
                       ----------
                      /          \
                     /    REST    \
                    /      IN      \
                   /     PEACE      \
                  /                  \
                  |    ArrBianca     |
                  |       0 Au       |
                  |   killed by a    |
                  |   priestess of   |
                  | Manannan Mac Lir |
                  |                  |
                  |       2026       |
                 *|     *  *  *      | *
        _________)/\\_//(\/(/\)/\//\/|_)_______

Fare thee well ArrBianca the Knight...

You died in The Gnomish Mines on dungeon level 5 with 10147 points,
and 0 pieces of gold, after 8130 moves.
You were level 8 with a maximum of 68 hit points when you died.

